| TOP OF THE 1ST |
|
West Palm Beach Expos batting - Pitching for Dunedin Blue Jays : RHP Randy Bockus
|
|
Pitching: RHP Randy Bockus
|
|
|
Batting: RHB Roland Oruna
|
0-0: Swinging Strike 0-1: Ball 1-1: Ball 2-1: Foul Ball, location: 2F 2-2: SINGLE (Line Drive, 9LS, EV 96.3 MPH)
|
|
Batting: RHB Steve Kiefer
|
0-0: Grounds into double play, 6-4-3 (Groundball, 6, EV 87.5 MPH)
|
|
Batting: SHB Terry Pendleton
|
0-0: Ball 1-0: SOLO HOME RUN (Flyball, 89XD, EV 94.4 MPH), Distance : 442 ft
|
|
Batting: SHB Mark Pirruccello
|
0-0: Ball 1-0: Reached on error, E5 (Groundball, 15, EV 89.4 MPH)
|
|
Batting: RHB Don Berti
|
0-0: Ball 1-0: Foul Ball, location: 2F 1-1: Fielders Choice at 2nd, 5-4 (Groundball, 56, EV 109.4 MPH)
|
| Top of the 1st over - 1 run, 2 hits, 1 error, 1 left on base; West Palm Beach 1 - Dunedin 0 |
| BOTTOM OF THE 1ST |
|
Dunedin Blue Jays batting - Pitching for West Palm Beach Expos : RHP Felipe Lopez
|
|
Pitching: RHP Felipe Lopez
|
|
|
Batting: SHB Dave Owen
|
0-0: Fly out, F9 (Line Drive, 9, EV 92.5 MPH)
|
|
Batting: RHB Jose Canseco
|
0-0: Foul Ball, location: 2F 0-1: Ball 1-1: Ball 2-1: Ball 3-1: Base on Balls
|
|
Batting: RHB Dale Berra
|
0-0: Called Strike Jose Canseco steals 2nd base 0-1: SINGLE (Groundball, 56D, EV 93.8 MPH) Jose Canseco to third Runner from 3rd tries for Home, SAFE, throw by LF to home
|
|
Batting: LHB Monte McAbee
|
0-0: Ball 1-0: Ball 2-0: Ball Wild Pitch! Dale Berra to second 3-0: Called Strike 3-1: Base on Balls
|
|
Batting: RHB David Hall
|
0-0: Ball 1-0: Fly out, F5 (Line Drive, 5, EV 62.5 MPH)
|
|
Batting: RHB Wil Culmer
|
0-0: Ball 1-0: Called Strike 1-1: Foul Ball, location: 2F 1-2: Foul Ball, location: 2F 1-2: Foul Ball, location: 2F 1-2: Foul Ball, location: 2F 1-2: Ball 2-2: Foul Ball, location: 2F 2-2: SINGLE (Popup, 6D, EV 58.1 MPH) Dale Berra to third Monte McAbee to second Runner from 3rd tries for Home, SAFE, throw by SS to home
|
|
Batting: RHB Eugene Pallavicini
|
0-0: Ball 1-0: Foul Ball, location: 2F 1-1: Ball 2-1: Ball 3-1: Base on Balls Monte McAbee to third Wil Culmer to second
|
|
Batting: RHB Alex Taveras
|
0-0: Ball 1-0: Fly out, F9 (Flyball, 9LS, EV 91.3 MPH)
|
| Bottom of the 1st over - 2 runs, 2 hits, 0 errors, 3 left on base; West Palm Beach 1 - Dunedin 2 |
| TOP OF THE 2ND |
|
West Palm Beach Expos batting - Pitching for Dunedin Blue Jays : RHP Randy Bockus
|
|
Batting: LHB Jesus Alfes
|
0-0: Ground out 4-3 (Groundball, 4, EV 85.6 MPH)
|
|
Batting: LHB Keith Hughes
|
0-0: Ball 1-0: DOUBLE (Line Drive, 7LM, EV 91.9 MPH)
|
|
Batting: RHB Matthew Gundelfinger
|
0-0: Ball 1-0: Foul Ball, location: 2F 1-1: Ball 2-1: Ball 3-1: Foul Ball, location: 2F 3-2: Ground out 6-3 (Groundball, 6, EV 81.9 MPH)
|
|
Batting: RHB Humberto Cardenas
|
0-0: Ball 1-0: Called Strike 1-1: Ball 2-1: Foul Ball, location: 2F 2-2: Ball 3-2: SINGLE (Flyball, 4D, EV 83.1 MPH) Keith Hughes to third Keith Hughes scores
|
|
Batting: RHB Roland Oruna
|
0-0: Called Strike 0-1: SINGLE (Line Drive, 7LS, EV 100.0 MPH) Humberto Cardenas to second
|
|
Batting: RHB Steve Kiefer
|
0-0: Ball 1-0: Ball 2-0: Foul Ball, location: 2F 2-1: Ground out U3 (Groundball, 13, EV 88.8 MPH)
|
| Top of the 2nd over - 1 run, 3 hits, 0 errors, 2 left on base; West Palm Beach 2 - Dunedin 2 |
| BOTTOM OF THE 2ND |
|
Dunedin Blue Jays batting - Pitching for West Palm Beach Expos : RHP Felipe Lopez
|
|
Batting: RHB Dann Bilardello
|
0-0: Ball 1-0: Called Strike 1-1: Ground out 4-3 (Groundball, 4, EV 85.6 MPH)
|
|
Batting: SHB Dave Owen
|
0-0: Called Strike 0-1: Ground out 4-3 (Groundball, 4S, EV 67.5 MPH)
|
|
Batting: RHB Jose Canseco
|
0-0: Called Strike 0-1: Ground out 5-3 (Groundball, 56, EV 96.9 MPH)
|
| Bottom of the 2nd over - 0 runs, 0 hits, 0 errors, 0 left on base; West Palm Beach 2 - Dunedin 2 |
| TOP OF THE 3RD |
|
West Palm Beach Expos batting - Pitching for Dunedin Blue Jays : RHP Randy Bockus
|
|
Batting: SHB Terry Pendleton
|
0-0: Called Strike 0-1: Ball 1-1: Called Strike 1-2: Strikes out swinging
|
|
Batting: SHB Mark Pirruccello
|
0-0: Called Strike 0-1: Called Strike 0-2: Ball 1-2: Strikes out swinging
|
|
Batting: RHB Don Berti
|
0-0: Swinging Strike 0-1: DOUBLE (Line Drive, 9LS, EV 98.1 MPH)
|
|
Batting: LHB Jesus Alfes
|
0-0: Ball 1-0: Ball 2-0: Foul Ball, location: 2F 2-1: Ground out 4-3 (Groundball, 34D, EV 98.8 MPH)
|
| Top of the 3rd over - 0 runs, 1 hit, 0 errors, 1 left on base; West Palm Beach 2 - Dunedin 2 |
| BOTTOM OF THE 3RD |
|
Dunedin Blue Jays batting - Pitching for West Palm Beach Expos : RHP Felipe Lopez
|
|
Batting: RHB Dale Berra
|
0-0: Ball 1-0: Foul Ball, location: 2F 1-1: DOUBLE (Flyball, 89XD, EV 91.9 MPH)
|
|
Batting: LHB Monte McAbee
|
0-0: Called Strike 0-1: Ball 1-1: SINGLE (Groundball, 3D, EV 102.5 MPH) Dale Berra to third
|
|
Batting: RHB David Hall
|
0-0: Called Strike 0-1: Ball 1-1: Ball 2-1: Called Strike 2-2: Foul Ball, location: 2F 2-2: Ball 3-2: Foul Ball, location: 2F 3-2: Strikes out swinging
|
|
Batting: RHB Wil Culmer
|
0-0: Ball 1-0: Ball 2-0: SINGLE (Line Drive, 6D, EV 106.9 MPH) Dale Berra scores Monte McAbee to second
|
|
Batting: RHB Eugene Pallavicini
|
0-0: Ball 1-0: Fly out, F4 (Popup, 23, EV 93.8 MPH)
|
|
Batting: RHB Alex Taveras
|
0-0: Ground out 4-3 (Groundball, 4, EV 105.0 MPH)
|
| Bottom of the 3rd over - 1 run, 3 hits, 0 errors, 2 left on base; West Palm Beach 2 - Dunedin 3 |
| TOP OF THE 4TH |
|
West Palm Beach Expos batting - Pitching for Dunedin Blue Jays : RHP Randy Bockus
|
|
Batting: LHB Keith Hughes
|
0-0: Ground out 4-3 (Groundball, 34, EV 88.1 MPH)
|
|
Batting: RHB Matthew Gundelfinger
|
0-0: Ball 1-0: Called Strike 1-1: Ball 2-1: Ball 3-1: Foul Ball, location: 2F 3-2: Base on Balls
|
|
Batting: RHB Humberto Cardenas
|
0-0: Called Strike 0-1: Ball 1-1: Fielders Choice at 2nd, 4-6 (Groundball, 4, EV 108.8 MPH)
|
|
Batting: RHB Roland Oruna
|
0-0: Ball 1-0: Ball 2-0: Called Strike 2-1: Ball 3-1: Base on Balls Humberto Cardenas to second
|
|
Batting: RHB Steve Kiefer
|
0-0: Foul Ball, location: 2F 0-1: Ball 1-1: SINGLE (Line Drive, 3D, EV 104.4 MPH) Humberto Cardenas to third Roland Oruna to second
|
|
Batting: SHB Terry Pendleton
|
0-0: Swinging Strike 0-1: Ground out 4-3 (Groundball, 4, EV 86.9 MPH)
|
| Top of the 4th over - 0 runs, 1 hit, 0 errors, 3 left on base; West Palm Beach 2 - Dunedin 3 |
| BOTTOM OF THE 4TH |
|
Dunedin Blue Jays batting - Pitching for West Palm Beach Expos : RHP Felipe Lopez
|
|
Batting: RHB Dann Bilardello
|
0-0: Ball 1-0: Called Strike 1-1: Ball 2-1: Foul Ball, location: 2F 2-2: Strikes out looking
|
|
Batting: SHB Dave Owen
|
0-0: Ball 1-0: Swinging Strike 1-1: Swinging Strike 1-2: Ball 2-2: Strikes out swinging
|
|
Batting: RHB Jose Canseco
|
0-0: Foul Ball, location: 2F 0-1: Called Strike 0-2: Ball 1-2: Foul Ball, location: 2F 1-2: SINGLE (Groundball, 6MD, EV 84.4 MPH) (infield hit)
|
|
Batting: RHB Dale Berra
|
0-0: Called Strike 0-1: Ball Jose Canseco is caught stealing 2nd base 2-4
|
| Bottom of the 4th over - 0 runs, 1 hit, 0 errors, 0 left on base; West Palm Beach 2 - Dunedin 3 |
| TOP OF THE 5TH |
|
West Palm Beach Expos batting - Pitching for Dunedin Blue Jays : RHP Randy Bockus
|
|
Batting: SHB Mark Pirruccello
|
0-0: Called Strike 0-1: Swinging Strike 0-2: Ball 1-2: Foul Ball, location: 2F 1-2: Ball 2-2: Ground out 4-3 (Groundball, 34, EV 98.1 MPH)
|
|
Batting: RHB Don Berti
|
0-0: Ball 1-0: Fly out, F6 (Popup, 6D, EV 54.4 MPH)
|
|
Batting: LHB Jesus Alfes
|
0-0: Ball 1-0: Swinging Strike 1-1: Reached on error, E5 (Groundball, 56, EV 88.8 MPH)
|
|
Batting: LHB Keith Hughes
|
0-0: Ball 1-0: Foul Ball, location: 2F 1-1: Called Strike 1-2: Ball 2-2: Ground out 4-3 (Groundball, 4, EV 86.9 MPH)
|
| Top of the 5th over - 0 runs, 0 hits, 1 error, 1 left on base; West Palm Beach 2 - Dunedin 3 |
| BOTTOM OF THE 5TH |
|
Dunedin Blue Jays batting - Pitching for West Palm Beach Expos : RHP Felipe Lopez
|
|
Batting: RHB Dale Berra
|
0-0: Ball 1-0: SOLO HOME RUN (Line Drive, 7D, EV 104.4 MPH), Distance : 389 ft
|
|
Batting: LHB Monte McAbee
|
0-0: Ball 1-0: Foul Ball, location: 2F 1-1: Foul Ball, location: 2F 1-2: Foul Ball, location: 2F 1-2: Foul Ball, location: 2F 1-2: Fly out, F3 (Popup, 34, EV 76.3 MPH)
|
|
Batting: RHB David Hall
|
0-0: Ball 1-0: Foul Ball, location: 2F 1-1: Called Strike 1-2: Ball 2-2: Ball 3-2: Fly out, F7 (Flyball, 7LM, EV 88.8 MPH)
|
|
Batting: RHB Wil Culmer
|
0-0: Ball 1-0: Ground out 6-3 (Groundball, 6, EV 80.6 MPH)
|
| Bottom of the 5th over - 1 run, 1 hit, 0 errors, 0 left on base; West Palm Beach 2 - Dunedin 4 |
| TOP OF THE 6TH |
|
West Palm Beach Expos batting - Pitching for Dunedin Blue Jays : RHP Randy Bockus
|
|
Batting: RHB Matthew Gundelfinger
|
0-0: Ball 1-0: Swinging Strike 1-1: Ball 2-1: Called Strike 2-2: Ball 3-2: Base on Balls
|
|
Batting: RHB Humberto Cardenas
|
0-0: Ball 1-0: Bunt missed! 1-1: Sac Bunt to 3S - play at first, batter OUT! 3-1 Matthew Gundelfinger to second
|
|
Batting: RHB Roland Oruna
|
0-0: Swinging Strike 0-1: Ball 1-1: Fly out, F8 (Line Drive, 8LM, EV 91.3 MPH)
|
|
Batting: RHB Steve Kiefer
|
0-0: DOUBLE (Line Drive, 7LS, EV 105.6 MPH) Matthew Gundelfinger scores
|
|
Batting: SHB Terry Pendleton
|
0-0: Ball 1-0: Called Strike 1-1: Ball 2-1: SINGLE (Line Drive, 9S, EV 103.1 MPH) Steve Kiefer to third Runner from 3rd tries for Home, SAFE, throw by RF to home
|
|
Batting: SHB Mark Pirruccello
|
0-0: Called Strike 0-1: Ball 1-1: Swinging Strike 1-2: Foul Ball, location: 2F 1-2: Ball 2-2: Strikes out looking
|
| Top of the 6th over - 2 runs, 2 hits, 0 errors, 1 left on base; West Palm Beach 4 - Dunedin 4 |
| BOTTOM OF THE 6TH |
|
Dunedin Blue Jays batting - Pitching for West Palm Beach Expos : RHP Felipe Lopez
|
|
Batting: RHB Eugene Pallavicini
|
0-0: Called Strike 0-1: Called Strike 0-2: Foul Ball, location: 2F 0-2: Fly out, F8 (Flyball, 8LS, EV 90.6 MPH)
|
|
Batting: RHB Alex Taveras
|
0-0: Ball 1-0: Called Strike 1-1: Ball 2-1: Ball 3-1: Base on Balls
|
|
Batting: RHB Dann Bilardello
|
0-0: Fly out, F8 (Flyball, 8LD, EV 88.1 MPH) Runner from 1st tags up, SAFE at 2nd
|
|
Batting: SHB Dave Owen
|
0-0: Ball 1-0: Swinging Strike 1-1: Ball 2-1: Foul Ball, location: 2F 2-2: Strikes out swinging
|
| Bottom of the 6th over - 0 runs, 0 hits, 0 errors, 1 left on base; West Palm Beach 4 - Dunedin 4 |
| TOP OF THE 7TH |
|
West Palm Beach Expos batting - Pitching for Dunedin Blue Jays : RHP Randy Bockus
|
|
Batting: RHB Don Berti
|
0-0: Ground out 4-3 (Groundball, 4M, EV 81.3 MPH)
|
|
Batting: LHB Jesus Alfes
|
0-0: Ball 1-0: Called Strike 1-1: DOUBLE (Line Drive, 7LM, EV 110.6 MPH)
|
|
Batting: LHB Keith Hughes
|
0-0: Intentional Walk
|
|
Batting: RHB Matthew Gundelfinger
|
0-0: Called Strike 0-1: Ball 1-1: Ball 2-1: Ball 3-1: Base on Balls Jesus Alfes to third Keith Hughes to second
|
|
Batting: RHB Humberto Cardenas
|
0-0: Called Strike 0-1: Swinging Strike 0-2: DOUBLE (Flyball, 89D, EV 106.3 MPH) Jesus Alfes scores Keith Hughes scores Matthew Gundelfinger to third
|
|
Pitching: LHP Jeff Wick
|
|
|
Batting: RHB Roland Oruna
|
0-0: Ball 1-0: Called Strike 1-1: Foul Ball, location: 2F 1-2: Strikes out swinging
|
|
Batting: RHB Steve Kiefer
|
0-0: Ball 1-0: Ball 2-0: Swinging Strike 2-1: Called Strike 2-2: DOUBLE (Line Drive, 89XD, EV 96.3 MPH) Matthew Gundelfinger scores Humberto Cardenas scores
|
|
Batting: SHB Terry Pendleton
|
0-0: Ball 1-0: Called Strike 1-1: Foul Ball, location: 2F 1-2: Reached on error, E9 (Flyball, 89D, EV 94.4 MPH) Steve Kiefer scores
|
|
Batting: SHB Mark Pirruccello
|
0-0: SINGLE (Groundball, 6MD, EV 93.8 MPH) Terry Pendleton to third Runner from 3rd tries for Home, throw by CF and OUT! 8-2
|
| Top of the 7th over - 5 runs, 4 hits, 1 error, 1 left on base; West Palm Beach 9 - Dunedin 4 |
| BOTTOM OF THE 7TH |
|
Dunedin Blue Jays batting - Pitching for West Palm Beach Expos : RHP Felipe Lopez
|
|
Batting: RHB Jose Canseco
|
0-0: Foul Ball, location: 2F 0-1: Called Strike 0-2: Ball 1-2: Foul Ball, location: 2F 1-2: Ball 2-2: Ball 3-2: Fly out, F4 (Flyball, 34D, EV 90.0 MPH)
|
|
Batting: RHB Dale Berra
|
0-0: Called Strike 0-1: Ball 1-1: Swinging Strike 1-2: Fly out, F8 (Flyball, 8RXD, EV 86.9 MPH)
|
|
Batting: LHB Monte McAbee
|
0-0: Ball 1-0: Called Strike 1-1: Foul Ball, location: 2F 1-2: Foul Ball, location: 2F 1-2: Ball 2-2: Ground out 1-3 (Groundball, 15S, EV 65.6 MPH)
|
| Bottom of the 7th over - 0 runs, 0 hits, 0 errors, 0 left on base; West Palm Beach 9 - Dunedin 4 |
| TOP OF THE 8TH |
|
West Palm Beach Expos batting - Pitching for Dunedin Blue Jays : LHP Jeff Wick
|
|
Batting: RHB Don Berti
|
0-0: DOUBLE (Line Drive, 7LD, EV 111.9 MPH)
|
|
Batting: LHB Jesus Alfes
|
0-0: Ball 1-0: Swinging Strike 1-1: Ground out 5-3 (Groundball, 5, EV 86.9 MPH)
|
|
Batting: LHB Keith Hughes
|
0-0: Foul Ball, location: 2F 0-1: Ball 1-1: Ball 2-1: Foul Ball, location: 2F 2-2: Strikes out swinging
|
|
Batting: RHB Matthew Gundelfinger
|
0-0: Ball 1-0: Called Strike 1-1: Swinging Strike 1-2: Ball 2-2: Ball 3-2: Base on Balls
|
|
Batting: RHB Humberto Cardenas
|
0-0: Ball 1-0: Ball 2-0: Ball 3-0: Called Strike 3-1: Fly out, F9 (Flyball, 9D, EV 83.8 MPH)
|
| Top of the 8th over - 0 runs, 1 hit, 0 errors, 2 left on base; West Palm Beach 9 - Dunedin 4 |
| BOTTOM OF THE 8TH |
|
Dunedin Blue Jays batting - Pitching for West Palm Beach Expos : RHP Felipe Lopez
|
|
Batting: RHB David Hall
|
0-0: Fly out, F4 (Popup, 4MD, EV 64.4 MPH)
|
|
Batting: RHB Wil Culmer
|
0-0: Ground out 5-3 (Groundball, 56, EV 79.4 MPH)
|
|
Batting: RHB Eugene Pallavicini
|
0-0: Called Strike 0-1: Ball 1-1: Ball 2-1: Foul Ball, location: 2F 2-2: Foul Ball, location: 2F 2-2: Strikes out swinging
|
| Bottom of the 8th over - 0 runs, 0 hits, 0 errors, 0 left on base; West Palm Beach 9 - Dunedin 4 |
| TOP OF THE 9TH |
|
West Palm Beach Expos batting - Pitching for Dunedin Blue Jays : LHP Jeff Wick
|
|
Batting: RHB Roland Oruna
|
0-0: Foul Ball, location: 2F 0-1: Ball 1-1: Ball 2-1: Foul Ball, location: 2F 2-2: Foul Ball, location: 2F 2-2: Ball 3-2: Foul Ball, location: 2F 3-2: Foul Ball, location: 2F 3-2: Base on Balls
|
|
Batting: RHB Steve Kiefer
|
0-0: Ball 1-0: Swinging Strike 1-1: Foul Ball, location: 2F 1-2: Ball 2-2: Ball 3-2: Fielders Choice at 2nd, 4-6 (Groundball, 4, EV 85.6 MPH)
|
|
Pitching: RHP Julio Acevedo
|
|
|
Batting: SHB Terry Pendleton
|
0-0: Ball 1-0: Ball 2-0: Swinging Strike 2-1: Ball 3-1: Foul Ball, location: 2F 3-2: Foul Ball, location: 2F 3-2: Base on Balls Steve Kiefer to second
|
|
Batting: SHB Mark Pirruccello
|
0-0: Ball 1-0: SINGLE (Line Drive, 89S, EV 100.6 MPH) Steve Kiefer to third Terry Pendleton to second Runner from 3rd tries for Home, SAFE, throw by RF to home
|
|
Batting: RHB Don Berti
|
0-0: Called Strike 0-1: Swinging Strike 0-2: Ball 1-2: Ball 2-2: Ground out 4-3 (Groundball, 34D, EV 91.3 MPH) Terry Pendleton to third Mark Pirruccello to second
|
|
Batting: LHB Jesus Alfes
|
0-0: Called Strike 0-1: Ground out 2-3 (Groundball, 15S, EV 71.3 MPH)
|
| Top of the 9th over - 1 run, 1 hit, 0 errors, 2 left on base; West Palm Beach 10 - Dunedin 4 |
| BOTTOM OF THE 9TH |
|
Dunedin Blue Jays batting - Pitching for West Palm Beach Expos : RHP Felipe Lopez
|
|
Batting: RHB Alex Taveras
|
0-0: Called Strike 0-1: Ball 1-1: Foul Ball, location: 2F 1-2: Fly out, F6 (Flyball, 6D, EV 86.9 MPH)
|
|
Batting: RHB Dann Bilardello
|
0-0: Called Strike 0-1: DOUBLE (Line Drive, 89D, EV 105.6 MPH)
|
|
Batting: SHB Dave Owen
|
0-0: Foul Ball, location: 2F 0-1: Ball 1-1: Called Strike 1-2: Foul Ball, location: 2F 1-2: Foul Ball, location: 2F 1-2: Ball 2-2: Ball 3-2: Foul Ball, location: 2F 3-2: Base on Balls
|
|
Batting: RHB Jose Canseco
|
0-0: Swinging Strike 0-1: Foul Ball, location: 2F 0-2: Ball 1-2: Foul Ball, location: 2F 1-2: Ball 2-2: Ball 3-2: Fielders Choice at 2nd, 5-4 (Groundball, 56, EV 101.9 MPH) Dann Bilardello to third
|
|
Batting: RHB Dale Berra
|
0-0: Called Strike 0-1: Fly out, F9 (Line Drive, 9, EV 90.6 MPH)
|
| Bottom of the 9th over - 0 runs, 1 hit, 0 errors, 2 left on base; West Palm Beach 10 - Dunedin 4 |
|